Construct Section Command Post
Construct Platoon Command Post
Selects Indian Artillery Battlegroup
Selects Gurkha Rifles Section
Unlock M3 Stuart Light Tanks
Construct Field Infirmary
6-pounder Anti-tank Gun Team
6-pounder Anti-tank Gun Team
Selects Artillery Saturation
6-pounder Anti-tank Gun Team
Selects Off-map Airburst Barrage
Construct Company Command Post
Selects Perimeter Monitor
Unlock M3 Grant Medium Tanks
6-pounder Anti-tank Gun Team